 Dungeon Crawl Stone Soup version 0.31-a0-803-g95b03c3367 (webtiles) character file.

Game seed: 2990910017944441416

91 Turgor the Changeling (level 4, 0/34 HPs)
             Began as a Barachi Shapeshifter on Sept 19, 2023.
             Succumbed to a gnoll's poison
             ... on level 3 of the Dungeon on Sept 20, 2023.
             The game lasted 00:08:53 (2431 turns).

Turgor the Changeling (Barachi Shapeshifter)        Turns: 2431, Time: 00:08:54

Health: 0/34       AC:  2    Str: 12 (15) XL:     4   Next: 59%
Magic:  4/4        EV: 12    Int:  9 (12) God:
Gold:   41         SH:  0    Dex: 10 (12) Spells: 3/3 levels left

rFire   . .          .
                       - Unarmed
rCold   . . .        (no shield)
rNeg    . . .        a - +0 animal skin
rPois   +            (helmet currently unavailable)
rElec   .            (cloak currently unavailable)
rCorr   .            (gloves currently unavailable)
SInv    .            (boots currently unavailable)
Will    .....        (no amulet)
Stlth   +            g - ring of poison resistance
HPRegen 0.25/turn    (no ring)
MPRegen 0.09/turn

%: no passive effects
@: mighty, lethally poisoned (0 -> -2), beast-form, slow
A: beast (slay +2), amphibious, slowness 1, strong legs 1, +LOS
a: Hop, Begin Untransformation


You were on level 3 of the Dungeon.
You were a hulking beast.
You visited 1 branch of the dungeon, and saw 3 of its levels.

You collected 140 gold pieces.
You spent 99 gold pieces at shops.

Inventory:

Missiles
 o - 5 boomerangs (quivered)
 p - 3 poisoned darts
Armour
 a - a +0 animal skin (worn)
Jewellery
 g - a ring of poison resistance (left hand)
Talismans
 c - a beast talisman (active)
 d - a flux talisman
Scrolls
 f - a scroll of torment {unknown}
 h - a scroll of summoning {unknown}
 k - a scroll of enchant weapon {unknown}
 l - 3 scrolls of teleportation
 m - a scroll of enchant armour {unknown}
Potions
 b - a potion of lignification
 e - a potion of haste
 i - a potion of attraction
 n - a potion of mutation
 q - a potion of degeneration
 r - a potion of cancellation {unknown}


   Skills:
 + Level 2.5 Fighting
 + Level 3.0 Dodging
 + Level 3.9 Unarmed Combat
 * Level 4.2 Shapeshifting


You had 3 spell levels left.
You didn't know any spells.
Your spell library was empty.

Dungeon Overview and Level Annotations

Branches:
Dungeon (3/15)

Altars:

Shops:
D:1 ?


Innate Abilities, Weirdness & Mutations

You are a hulking beast.
Your limbs bulge with bestial killing power. (Slay +2)
You are amphibious.
You cover ground slowly.
You can hop short distances.
You have an extended range of vision and can be seen from far away.


Message History

You now have 41 gold pieces (gained 8).
You see here a +0 ring mail.
There is a stone staircase leading up here.
The gnoll shouts!
You hear a shout!
Okay, then.
Okay, then.
Okay, then.
You feel very mighty all of a sudden.
A gnoll comes into view. It is wielding a +0 club.
The gnoll barely misses you.
You barely miss the gnoll.
The gnoll shouts!
The gnoll hits you with a +2 halberd of venom.
You are poisoned.
You barely miss the gnoll.
You feel very sick.
The gnoll shouts!
The gnoll barely misses you.
You punch the gnoll!
The gnoll is severely wounded.
You feel sick.
You hit the gnoll.
The gnoll is severely wounded.
You feel sick.
The gnoll hits you with a +2 halberd of venom!
* * * LOW HITPOINT WARNING * * *
You punch the gnoll!
You kill the gnoll!
You feel sick. The gnoll barely misses you.
Your Dodging skill increases to level 3!
You feel sick. The gnoll hits you with a +0 spear.
* * * LOW HITPOINT WARNING * * *
Things that are here:
a +2 halberd of venom; a gnoll corpse You closely miss the gnoll.
You feel sick. The gnoll hits you with a +0 spear.
* * * LOW HITPOINT WARNING * * *
It was a potion of degeneration.
There was something very wrong with that liquid.
You feel weakened.
You feel dopey.
You feel clumsy.
You die...

.....######.####.###
..##........# #.#
..##.######## #.#
..##.# #.# ..##.#
#.# .###.# #g#
..##.# #g# ..##<#
#g# .....# #h#
...### #.#
...#############.#
.......<.........#
.........#########
#..#####.# #..# #.#
#..# #.# #..# #.#


You could see 3 gnolls.

Vanquished Creatures
  A gnoll (D:3)
  3 adders
  A worm (D:3)
  A dart slug (D:1)
  4 ball pythons (D:1)
  2 endoplasms
  3 giant cockroaches
  6 goblins
  4 hobgoblins
  4 jackals
  A quokka (D:1)
  2 bats
  4 frilled lizards
  3 kobolds
  9 rats
48 creatures vanquished.

Notes
Turn   | Place    | Note
-------+----------+-------------------------------------------
     0 | D:1      | Turgor the Barachi Shapeshifter began the quest for the
                  | Orb.
     0 | D:1      | Reached XP level 1. HP: 15/15 MP: 1/1
     4 | D:1      | Upgraded the game from 0.31-a0-799-g6bc09d010c to
                  | 0.31-a0-803-g95b03c3367
    89 | D:1      | Found Coyparcha's Magic Scroll Boutique.
    92 | D:1      | Bought a scroll of identify for 22 gold pieces
   219 | D:1      | Reached XP level 2. HP: 21/21 MP: 2/2
   820 | D:1      | Bought a scroll of teleportation for 33 gold pieces
   916 | D:2      | Reached XP level 3. HP: 16/27 MP: 3/3
  1139 | D:2      | Reached skill level 4 in Shapeshifting
  1446 | D:3      | Reached XP level 4. HP: 33/33 MP: 4/4
  1935 | D:1      | Bought a scroll of identify for 22 gold pieces
  1935 | D:1      | Bought a scroll of identify for 22 gold pieces
  2430 | D:3      | HP: 1/34 [gnoll/+0 spear (4)]
  2431 | D:3      | Succumbed to a gnoll's poison

Illustrated notes

Levels and vault maps discovered:
D:1:      mrwooster_arrival_arrow, layout_basic, serial_shops,
          nicolae_shop_tiny_real_fake_doors
D:2:      layout_rooms
D:3:      layout_loops_ring

Skill      XL: |  1  2  3  4 |
---------------+-------------+-----
Fighting       | 2 |  2.5
Shapeshifting  | 4 |  4.2
Dodging        | 3 |  3.0
Unarmed Combat | |  3.9

Action                     |  1- 3 |  4- 6 || total
---------------------------+-------+-------++-------
  Melee: Unarmed           |   101 |    37 ||   138
         Punch             |     1 |       ||     1
  Throw: Stone             |     1 |       ||     1
Ability: Hop               |       |     1 ||     1
    Use: Scroll            |     2 |     2 ||     4
         Potion            |       |     3 ||     3
   Stab: Sleeping          |     1 |       ||     1
 Armour: Animal skin       |    41 |    22 ||    63
  Dodge: Dodged            |    48 |    26 ||    74

Table legend: (Time is in decaauts)
 A = Elapsed time spent in this place.
 B = Non-inter-level travel time spent in this place.
 C = Inter-level travel time spent in this place.
 D = Time resting spent in this place.
 E = Time spent auto-exploring this place.
 F = Levels seen in this place.
 G = Mean time per level.
                   A        B        C        D        E       F      G
               +--------+--------+--------+--------+--------+-----+--------+
         Total |   2780 |   2553 |    227 |      8 |   2014 |   3 |  926.7 |
       Dungeon |   2780 |   2553 |    227 |      8 |   2014 |   3 |  926.7 |
               +--------+--------+--------+--------+--------+-----+--------+

Top non-repeatable levels by time:
     D:1: 1049 daAuts
     D:3: 1019 daAuts
     D:2: 711 daAuts
